cohdb
Replays
Latest Replays
All Replays
Popular Replays
Top Player Replays
Match Explorer
How It Works
Community
CoH3 Stats
Reddit
Sign in to upload your games and track your stats! →
Sign in with Steam
Match 46994427
Unlisted
Match 46994427
Overview
Messages
Build Orders
End
Selects Italian Combined Arms Battlegroup
Selects Bersaglieri Squad
Bersaglieri Squad
Kradschützen Motorcycle Team
Bersaglieri Squad
Bersaglieri Squad
Construct Light Support Kompanie
Bersaglieri Squad
Construct Mechanized Kompanie
Vehicle Survival Package
Support Armor Elements
Emergency Repair Kits
Rapid Advance
Selects Semovente da 75/18 Assault Gun
Selects Carro Armato M13/40 Light Tank
Carro Armato M13/40 Light Tank
Carro Armato M13/40 Light Tank
Carro Armato M13/40 Light Tank
Selects Artillery Cover
Artillery Cover
Tungsten Core Ammunition
Carro Armato M13/40 Light Tank
Artillery Cover
Spaghettiumborn™
Valieriumborn's Daddy
Palistine IsReal lol
[82AD] PaulGMax
Elegant_Downfall
bearskill123
Megumin
Pearl Harbor was a little sneaky
0
0
Comments
sign in to comment!
No comments posted yet!